Map: Terraplenes de priones

Players

xXkazperXx

  • Race: Zerg Zerg
  • League: Bronze

TheLonelyOne - Winner!

  • Race: Terran Terran
  • League: Bronze

VOD

Have the link to the VOD?

Description

Time

  • Played on: April 10, 2016, 2:36 a.m.
  • Length: 7:43
Show
View Real Time Build Order
Export as new Build Order

xXkazperXx Zerg 

Build Orders: Pool First 

Get SALT Encoding   

  12  0:01  Drone  
  13  0:17  Overlord  
  13  0:19  Drone  
  14  0:26  Extractor  
  13  0:33  Drone  
  15  0:35  Drone  
  15  1:07  Drone x3  
  15  1:10  Spawning Pool  
  17  1:19  Drone  
  18  1:29  Drone  
  19  1:42  Drone  
  20  1:47  Extractor  
  19  1:57  Queen  
  19  2:00  Overlord  
  21  2:04  Zergling x2  
  22  2:21  Spine Crawler  
  22  2:22  Zergling x2  
  22  2:24  Zergling x2  
  23  2:44  Roach Warren  
  22  3:13  Drone x3  
  22  3:14  Drone x3  
  28  3:27  Spine Crawler  
  27  3:34  Roach  
  29  3:48  Overlord  
  29  3:54  Lair  
  29  4:01  Spine Crawler  
  28  4:07  Roach x3  
  34  4:15  Roach  
  34  4:16  Roach  
  38  4:17  Overlord  
  38  4:37  Roach x3  
  44  4:58  Roach, Hydralisk Den  
  45  5:17  Overlord x2  
  45  5:55  Hydralisk x3  
  45  5:56  Hydralisk x3  
  57  6:10  Hatchery  
  57  6:50  Spire  
  53  7:06  Hydralisk x3  
Show
View Real Time Build Order
Export as new Build Order

TheLonelyOne Terran - Winner!

Build Orders: Liberator Opening 

Get SALT Encoding   

  12  0:01  SCV  
  13  0:15  Supply Depot  
  13  0:17  SCV  
  14  0:30  Refinery  
  14  0:35  SCV  
  15  0:42  Barracks  
  15  0:47  SCV  
  16  0:56  Refinery  
  16  1:11  SCV, Refinery  
  17  1:37  Supply Depot  
  17  1:41  Reaper  
  18  1:51  Orbital Command, Factory  
  18  2:13  Marine  
  19  2:20  SCV  
  20  2:31  Marine  
  20  2:32  SCV  
  20  2:34  Factory Tech Lab  
  22  2:38  Starport  
  23  2:44  SCV  
  23  2:49  Marine  
  24  2:56  SCV  
  25  3:07  Marine  
  25  3:10  Siege Tank  
  28  3:13  SCV  
  29  3:25  SCV, Supply Depot  
  30  3:30  Liberator  
  30  3:31  Barracks  
  30  3:45  Barracks Reactor  
  33  4:07  Command Center  
  33  4:20  Barracks Tech Lab  
  33  4:30  Medivac  
  35  4:41  Marine x2  
  35  4:45  Marauder  
  39  5:02  Liberator  
  39  5:11  Supply Depot  
  39  5:14  Engineering Bay  
  39  5:19  Marauder, Marine x2  
  43  5:37  Marine x2  
  43  5:41  Marauder  
  46  5:54  Marine x2  
  48  6:02  Marauder  
  50  6:12  Marine  
  51  6:39  Marauder  
  53  6:40  Marine x2  
  53  6:44  SCV  
  53  6:45  SCV  
  60  6:47  Siege Tank  
  60  6:48  Medivac  
  62  7:03  Supply Depot  
  62  7:06  Supply Depot  
  62  7:22  SCV x2  
  62  7:24  Marine x2  
Tags
 
Add a new tag
Caveats
  • Supply blocks, unpowered buildings, or Contaminate may cause inaccurate times.
  • Supply counts are checked every 10 seconds.